 Dungeon Crawl Stone Soup version 0.17-b1-25-g6d8775f (webtiles) character file.

4938 4thArraOfDagon the Cleaver (level 10, -2/86 HPs)
             Began as a Minotaur Assassin on Nov 5, 2015.
             Was a Priest of Cheibriados.
             Killed from afar by a deep elf mage (26 damage)
             ... with a bolt of magma
             ... on level 9 of the Dungeon.
             The game lasted 00:17:14 (2599 turns).

4thArraOfDagon the Cleaver (Minotaur Assassin)      Turns: 2599, Time: 00:17:14

Health: -2/86      AC: 11    Str: 23    XL:     10   Next: 28%
Magic:  11/11      EV: 10    Int: 19    God:    Cheibriados [***...]
Gold:   405        SH:  0    Dex: 19    Spells: 0 memorised, 9 levels left

rFire  . . .     SeeInvis +     n - +4 war axe (elec)
rCold  . . .     Clarity  .     p - +0 plate armour
rNeg   . . .     SustAt   .     (no shield)
rPois  .         Gourm    +     (helmet restricted)
rElec  .         Spirit   .     d - +0 cloak
rCorr  .         Warding  .     (no gloves)
rMut   .         Stasis   .     (no boots)
MR     .....                    D - amulet of the gourmand
Stlth  ..........               u - ring of see invisible
                                y - -2 ring of dexterity (curse)

@: very slow, not resistant to hostile enchantments, extremely unstealthy
A: retaliatory headbutt, horns 2
a: Bend Time, Temporal Distortion, Renounce Religion


You were on level 9 of the Dungeon.
You worshipped Cheibriados.
Cheibriados was most pleased with you.
You were not hungry.

You visited 1 branch of the dungeon, and saw 9 of its levels.
You also visited: Sewer and Bailey.

You collected 499 gold pieces.
You spent 94 gold pieces at shops.

Inventory:

Hand Weapons
 b - a +0 blowgun
 n - a +4 war axe of electrocution (weapon)
 r - a +0 battleaxe
Missiles
 e - 4 poisoned needles
 h - a curare-tipped needle
 C - 18 tomahawks of returning (quivered)
Armour
 d - a +0 cloak (worn)
 l - the +0 robe "Sodocir" {MR+ Slay+2}
   (You found it on level 4 of the Dungeon)

   It affects your accuracy and damage with ranged weapons and melee attacks
   (+2).
   It affects your resistance to hostile enchantments.
 p - a +0 plate armour (worn)
Jewellery
 m - an uncursed ring of ice
 u - a ring of see invisible (right hand)
 y - a cursed -2 ring of dexterity (left hand)
 D - an amulet of the gourmand (around neck)
Wands
 a - a wand of disintegration (24)
 o - a wand of flame (15)
 w - a wand of draining (9)
 x - a wand of slowing (32)
 B - a wand of flame (24)
Scrolls
 c - a scroll of blinking {unknown}
 j - a scroll of fog
 z - a scroll of recharging
Potions
 i - 2 potions of heal wounds {unknown}
 k - 3 potions of brilliance
 q - a potion of agility {unknown}
 s - 2 potions of flight {unknown}
Comestibles
 f - 2 chunks of flesh
 g - 2 bread rations
 t - 2 fruits
 v - 2 beef jerkies
 A - a meat ration


   Skills:
 + Level 7.5 Fighting
   Level 2.1 Short Blades
 * Level 13.3 Axes
 - Level 2.0 Throwing
 + Level 6.6 Dodging
 - Level 3.2 Stealth
 + Level 3.1 Invocations
 + Level 3.0 Evocations


You had 9 spell levels left.
You didn't know any spells.

Dungeon Overview and Level Annotations

Branches:
Dungeon (9/15)
 Temple: D:4-7         Lair: D:8-11         Orc: D:9-12

Altars:
Cheibriados
Elyvilon
Gozag
Nemelex Xobeh
Qazlal
Xom
Yredelemnul

Shops:
D:5 (

Annotations:
D:2 Natasha
D:8 Gastronok


Innate Abilities, Weirdness & Mutations

You reflexively headbutt those who attack you in melee.
You have a pair of horns on your head.


Message History

Things that are here:
a battleaxe; a scale mail
r - a battleaxe You see here a scale mail.
There is an empty arch of ancient stone, spattered with blood here.
A deep elf mage comes into view. It is wielding a short sword.
The deep elf mage shouts!
Found a stone staircase leading down.
Unknown command.
The deep elf mage gestures at you while chanting.
The stone arrow misses you.
Unknown command.
Unknown command.
The deep elf mage casts a spell at you. The stone arrow misses you.
Unknown command.
Unknown command.
The deep elf mage points at you and mumbles some strange words.
The bolt of magma hits you!
You die...

###.#......###..
#.###..###
#.....[)........ ..#
###.#.)∩)..###.. ..
#.#..)...# ##...
#.#......# ......
#.###....#####......
#. #...............
#.###....###.#......
#...........@.e.....
###.###..........##
#. #........### # #.
#........# #
..........# #
...........## ##
#............#>. 8#
#....####..####. ##
#.... ..# ## #


You could see a deep elf mage.

Vanquished Creatures
  The ghost of 1viktor the Cleaver, a novice MiFi of Makhleb (Bailey)
  The ghost of chonchonts the Covered, a novice MiFi of Ru (Bailey)
  2 orc knights
  4 yaks (D:9)
  Grum (D:9)
  2 wolves (D:9)
  Duvessa (D:7)
  2 ice beasts
  Purgy (Sewer)
  2 orc warriors
  A phantom (D:6)
  A centaur (D:5)
  An ogre (D:9)
  Blork the orc (D:7)
  An elf zombie (D:5)
  A giant frog (D:6)
  Dowan (D:7)
  2 scorpions
  5 wights (D:9)
  A crimson imp (D:5)
  A centaur zombie (D:5)
  A jelly (D:5)
  A hound (D:9)
  A giant frog skeleton (D:9)
  2 iguanas
  5 orc wizards
  2 orc priests
  3 worker ants (D:5)
  A killer bee zombie (D:6)
  A hound zombie (D:7)
  A hound skeleton (D:7)
  A worker ant zombie (D:9)
  3 adders
  A river rat (D:7)
  5 gnolls
  A shadow imp (D:5)
  19 orcs
  2 giant cockroaches
  3 hobgoblins
  6 jackals
  3 quokkas
  3 bats
  A goblin (Bailey)
  13 kobolds
  An orc skeleton (D:5)
  A quokka skeleton (D:6)
  A quokka zombie (D:6)
  A rat (D:7)
116 creatures vanquished.

Notes
Turn   | Place    | Note
--------------------------------------------------------------
     0 | D:1      | 4thArraOfDagon the Minotaur Assassin began the quest for the Orb.
     0 | D:1      | Reached XP level 1. HP: 18/18 MP: 0/0
   109 | D:2      | Noticed Natasha
   188 | D:3      | Reached XP level 2. HP: 12/25 MP: 1/1
   214 | D:5      | Entered Level 5 of the Dungeon
   231 | D:4      | Got a slimy robe
   242 | D:4      | Identified the cursed +0 robe "Sodocir" {MR+ Slay+2} (You found it on level 4 of the Dungeon)
   346 | D:4      | Found a glowing drain.
   354 | Sewer    | Entered a sewer
   366 | Sewer    | Noticed Purgy
   378 | Sewer    | Killed Purgy
   378 | Sewer    | Reached skill level 4 in Fighting
   378 | Sewer    | Reached XP level 3. HP: 27/34 MP: 2/2
   378 | Sewer    | Reached XP level 4. HP: 32/41 MP: 3/3
   576 | D:5      | Noticed a centaur
   577 | D:5      | Found a basalt altar of Yredelemnul.
   583 | D:5      | Killed a centaur
   583 | D:5      | Reached skill level 5 in Fighting
   583 | D:5      | Reached XP level 5. HP: 37/48 MP: 4/4
   719 | D:5      | Noticed an elf zombie
   731 | D:5      | Killed an elf zombie
   731 | D:5      | Reached XP level 6. HP: 32/56 MP: 5/5
   772 | D:5      | Reached skill level 5 in Dodging
   784 | D:5      | Reached skill level 6 in Fighting
   857 | D:5      | Found a snail-covered altar of Cheibriados.
   860 | D:5      | Became a worshipper of Cheibriados the Contemplative
   892 | D:5      | Found a white marble altar of Elyvilon.
   896 | D:5      | Reached skill level 1 in Axes
   915 | D:5      | Found Zuitior's Antique Weapon Emporium.
   940 | D:5      | Bought a glowing war axe for 94 gold pieces
   968 | D:6      | Noticed an orc warrior
  1055 | D:6      | Killed an orc warrior
  1055 | D:6      | Reached XP level 7. HP: 51/63 MP: 6/6
  1084 | D:6      | Noticed Blork the orc
  1106 | D:5      | Reached * piety under Cheibriados
  1137 | D:6      | Reached skill level 5 in Axes
  1167 | D:6      | Found a stormy altar of Qazlal.
  1206 | D:6      | Noticed a phantom
  1213 | D:6      | Killed a phantom
  1258 | D:6      | Found a sparkling altar of Nemelex Xobeh.
  1261 | D:6      | Noticed an ice beast
  1270 | D:6      | Killed an ice beast
  1270 | D:6      | Reached skill level 7 in Axes
  1432 | D:7      | Reached XP level 8. HP: 64/70 MP: 7/7
  1453 | D:6      | Noticed an orc warrior
  1460 | D:7      | Killed Blork the orc
  1460 | D:7      | Reached ** piety under Cheibriados
  1511 | D:7      | Noticed Dowan
  1512 | D:7      | Noticed Duvessa
  1523 | D:7      | Killed Duvessa
  1523 | D:7      | Reached skill level 8 in Axes
  1533 | D:7      | Killed Dowan
  1584 | D:7      | Reached skill level 9 in Axes
  1635 | D:8      | Noticed Gastronok
  1696 | D:7      | Found a shimmering altar of Xom.
  1869 | D:8      | Found an opulent altar of Gozag.
  1932 | D:9      | Reached skill level 10 in Axes
  1935 | D:9      | Reached skill level 11 in Axes
  1936 | D:9      | Reached XP level 9. HP: 75/75 MP: 8/8
  2084 | D:9      | Reached *** piety under Cheibriados
  2084 | D:9      | Reached skill level 12 in Axes
  2173 | D:9      | Noticed Grum
  2178 | D:9      | Reached skill level 1 in Invocations
  2180 | D:9      | Killed Grum
  2180 | D:9      | Reached skill level 1 in Evocations
  2266 | D:9      | Found a flagged portal.
  2275 | Bailey   | Entered a bailey
  2283 | Bailey   | Noticed chonchonts's ghost (novice MiFi)
  2293 | Bailey   | Killed chonchonts's ghost
  2365 | Bailey   | Noticed 1viktor's ghost (novice MiFi)
  2384 | Bailey   | Killed 1viktor's ghost
  2384 | Bailey   | Reached skill level 13 in Axes
  2384 | Bailey   | Reached XP level 10. HP: 18/86 MP: 1/10
  2531 | Bailey   | Noticed an orc knight
  2544 | Bailey   | Killed an orc knight
  2568 | Bailey   | Noticed an orc knight
  2582 | D:9      | Killed an orc knight
  2599 | D:9      | Killed from afar by a deep elf mage

Action                   |  1- 3 |  4- 6 |  7- 9 | 10-12 || total
-------------------------+-------+-------+-------+-------++-------
Melee: Dagger            |    39 |    50 |       |       ||    89
       War axe           |       |    19 |   119 |    15 ||   153
 Fire: Blowgun           |     7 |    12 |    12 |     6 ||    37
Throw: Tomahawk          |       |       |    13 |       ||    13
Invok: Bend Time         |       |       |     3 |     2 ||     5
  Use: Scroll            |       |     3 |     6 |     1 ||    10
       Potion            |       |       |     6 |       ||     6
 Stab: Sleeping          |     1 |     2 |     3 |       ||     6
  Eat: Chunk             |       |     1 |     2 |       ||     3
       Fruit             |       |       |       |     1 ||     1
